 Dungeon Crawl Stone Soup version 0.24.0-1-gfbc8707122 (webtiles) character file.

Game seed: 16556374743043776514, levelgen mode: deterministic

319 Mrkan the Chopper (level 6, 0/55 HPs)
             Began as a Draconian Monk on Oct 28, 2019.
             Splashed by a jelly's acid (4 damage)
             ... on level 5 of the Dungeon.
             The game lasted 00:06:48 (4555 turns).

Mrkan the Chopper (Draconian Monk)                  Turns: 4555, Time: 00:06:48

Health: 0/55       AC: -4    Str: 15    XL:     6   Next: 21%
Magic:  6/6        EV: 14    Int: 11    God:
Gold:   199        SH:  0    Dex: 13    Spells: 5/5 levels left

rFire    . . .     SeeInvis .   a - +0 hand axe
rCold    . . .     Gourm    .   (no shield)
rNeg     . . .     Faith    .   (armour unavailable)
rPois    .         Spirit   .   (helmet restricted)
rElec    .         Reflect  .   t - +0 cloak
rCorr    .         Harm     .   (no gloves)
MR       .....                  c - +0 pair of boots
Stlth    ++........             (no amulet)
HPRegen  0.18/turn              (no ring)
MPRegen  0.10/turn              (no ring)

@: corroded
A: unfitting armour, cold-blooded, AC +6
a: no special abilities


You were on level 5 of the Dungeon.
You were not hungry.

You visited 1 branch of the dungeon, and saw 5 of its levels.

You collected 199 gold pieces.

Inventory:

Hand Weapons
 a - a +0 hand axe (weapon)
Missiles
 n - 90 arrows
 x - 13 poisoned darts (quivered)
Armour
 c - a +0 pair of boots (worn)
 t - a +0 cloak (worn)
Jewellery
 q - an uncursed ring of magical power {unknown}
 u - an uncursed ring of protection from magic {unknown}
Scrolls
 d - 7 scrolls of teleportation
 e - 2 scrolls of blinking {unknown}
 h - 3 scrolls of identify {unknown}
 k - a scroll of enchant armour {unknown}
 l - 6 scrolls of remove curse {unknown}
 m - 2 scrolls of enchant weapon {unknown}
 p - a scroll of fear {unknown}
 r - 2 scrolls of amnesia {unknown}
Potions
 f - 3 potions of curing
 g - a potion of heal wounds {unknown}
 i - a potion of cancellation {unknown}
 j - 2 potions of degeneration {unknown}
 o - a potion of lignification {unknown}
 s - a potion of berserk rage {unknown}
 v - a potion of haste {unknown}
 w - 2 potions of invisibility {unknown}
 z - a potion of agility {unknown}
 B - a potion of brilliance {unknown}
Comestibles
 b - 5 rations


   Skills:
 + Level 4.8 Fighting
 * Level 5.3 Axes
 + Level 3.9 Dodging
 - Level 1.7 Stealth


You had 5 spell levels left.
You didn't know any spells.
Your spell library was empty.

Dungeon Overview and Level Annotations

Branches:
Dungeon (5/15)
 Temple: D:4-7

Altars:
Gozag
Trog


Innate Abilities, Weirdness & Mutations

Your plain brown scales are hard. (AC +6)
You cannot fit into any form of body armour.
You are cold-blooded and may be slowed by cold attacks.


Message History

You are splashed with acid!
You hit the jelly. The acid corrodes you!
Your hands burn!
The jelly is almost dead.
You hit the shadow imp but do no damage.
The shadow imp closely misses you. The jelly hits you.
You are splashed with acid!
You hit the jelly.
Your hands burn!
* * * LOW HITPOINT WARNING * * *
The jelly is almost dead.
You hit the shadow imp. The shadow imp misses you.
The jelly closely misses you.
You hit the jelly but do no damage.
Your hands burn!
* * * LOW HITPOINT WARNING * * *
The jelly is almost dead.
You hit the shadow imp but do no damage.
The shadow imp hits you.
* * * LOW HITPOINT WARNING * * *
The jelly closely misses you.
You hit the jelly but do no damage. The acid corrodes you!
Your hands burn!
You die...

#...............####.....
#......##......#.........
#......#.................
#..........>.............
#........................
#######................##
#................#
#...J5...........#
#....@...........#
##..............##
##.....##.....##
##############


You could see a jelly and a shadow imp.

Vanquished Creatures
  A phantom (D:4)
  An orc priest (D:3)
  An orc wizard (D:3)
  An iguana (D:4)
  4 adders
  A shadow imp (D:5)
  2 oozes (D:1)
  4 worms (D:2)
  A dart slug (D:1)
  5 leopard geckos
  3 orcs (D:3)
  3 ball pythons
  8 giant cockroaches
  8 goblins
  4 hobgoblins
  5 jackals
  3 kobolds
  2 quokkas (D:2)
  7 bats
  4 frilled lizards
  7 rats
75 creatures vanquished.

Vanquished Creatures (others)
  A wizard (D:3)
1 creature vanquished.

Grand Total: 76 creatures vanquished

Notes
Turn   | Place    | Note
-------+----------+-------------------------------------------
     0 | D:1      | Mrkan the Draconian Monk began the quest for the Orb.
     0 | D:1      | Reached XP level 1. HP: 19/19 MP: 1/1
   183 | D:1      | Reached XP level 2. HP: 5/26 MP: 2/2
   184 | D:1      | HP: 1/26 [ooze (2)]
   784 | D:1      | Reached XP level 3. HP: 33/33 MP: 3/3
  1394 | D:2      | Reached skill level 4 in Axes
  1524 | D:2      | Reached XP level 4. HP: 40/40 MP: 4/4
  2019 | D:3      | Noticed an ogre
  2127 | D:3      | Reached XP level 5. HP: 32/47 MP: 5/5
  2334 | D:3      | Found an opulent altar of Gozag.
  2831 | D:3      | Found a bloodstained altar of Trog.
  2832 | D:3      | Noticed a wizard
  2837 | D:3      | Killed a wizard
  3352 | D:4      | Noticed a phantom
  3464 | D:4      | Killed a phantom
  3464 | D:4      | Reached skill level 5 in Axes
  3779 | D:4      | Reached XP level 6. HP: 46/53 MP: 6/6
  4123 | D:5      | Entered Level 5 of the Dungeon
  4555 | D:5      | Splashed by a jelly's acid

Levels and vault maps discovered:
D:1:      matt_arrival_grand_opening, layout_loops_ring
D:2:      layout_loops_corners, small_statue_intersection
D:3:      layout_basic, grunt_gozag_statues, trog_wizard
D:4:      layout_basic
D:5:      layout_rooms, first_ration

Skill      XL: |  1  2  3  4  5 |
---------------+----------------+-----
Dodging        | 3 |  3.9
Axes           | 4 5 |  5.3
Fighting       | 4 |  4.8
Stealth        | |  1.7

Action                   |  1- 3 |  4- 6 || total
-------------------------+-------+-------++-------
Melee: Hand axe          |   110 |   188 ||   298
       Tailslap          |    20 |    19 ||    39
  Use: Scroll            |       |     1 ||     1
       Potion            |       |     1 ||     1
 Stab: Sleeping          |     6 |     2 ||     8
  Eat: Chunk             |     2 |     6 ||     8
       Ration            |       |     1 ||     1
Armor: Skin              |    32 |    63 ||    95
Dodge: Dodged            |    60 |   159 ||   219
